 Dungeon Crawl Stone Soup version 0.29-a0-80-g3050e97935 (webtiles) character file.

Game seed: 3663232020764017112

1095 Gargoyl the Skirmisher (level 8, -7/51 HPs)
             Began as a Gargoyle Abyssal Knight on Feb 4, 2022.
             Was a Priest of Lugonu.
             Mangled by an ogre (16 damage)
             ... on level 6 of the Dungeon.
             The game lasted 00:06:57 (6399 turns).

Gargoyl the Skirmisher (Gargoyle Abyssal Knight)    Turns: 6399, Time: 00:06:58

Health: -7/51      AC: 19    Str: 19    XL:     8   Next: 31%
Magic:  11/11      EV:  8    Int: 11    God:    Lugonu [***...]
Gold:   219        SH:  0    Dex: 10    Spells: 7/7 levels left

rFire   . . .      SeeInvis .   a - +2 hand axe
rCold   . . .      Faith    .   (no shield)
rNeg    + . .      Spirit   .   f - +1 chain mail
rPois   ∞          Reflect  .   (no helmet)
rElec   +          Harm     .   j - +2 cloak
rCorr   .          Rampage  .   (no gloves)
Will    .....                   (no boots)
Stlth   ..........              (no amulet)
HPRegen 0.17/turn               (no ring)
MPRegen 0.12/turn               (no ring)

@: no status effects
A: sickness immunity, AC +5, negative energy resistance 1, electricity
resistance, torment resistance 1, petrification resistance
a: Renounce Religion, Depart the Abyss, Bend Space, Banish


You were on level 6 of the Dungeon.
You worshipped Lugonu.
Lugonu was most pleased with you.
You visited 1 branch of the dungeon, and saw 6 of its levels.
You visited the Abyss 1 time.
You also visited: Sewer.

You collected 219 gold pieces.

Inventory:

Hand Weapons
 a - a +2 hand axe (weapon)
Armour
 f - a +1 chain mail (worn)
 j - a +2 cloak (worn)
Wands
 b - a wand of flame (12)
Scrolls
 d - 6 scrolls of teleportation
 g - a scroll of blinking
 m - a scroll of identify
Potions
 c - a potion of mutation {unknown}
 e - 4 potions of curing
 h - 7 potions of flight
 i - a potion of might
 k - a potion of resistance
 l - a potion of invisibility


   Skills:
 * Level 6.1 Fighting
 + Level 5.4 Axes
 + Level 3.9 Armour
 + Level 2.7 Dodging
 + Level 1.1 Stealth
 * Level 4.3 Invocations


You had 7 spell levels left.
You didn't know any spells.
Your spell library was empty.

Dungeon Overview and Level Annotations

Branches:
Dungeon (6/15)             Temple (0/1) D:4           Sewer (visited)

Altars:
Ashenzari
Elyvilon
Kikubaaqudgha
Nemelex Xobeh
Wu Jian


Innate Abilities, Weirdness & Mutations

You are immune to sickness and miasma.
Your stone body is resilient. (AC +5)
You are immune to poison.
You resist negative energy. (rN+)
You are resistant to electric shocks. (rElec)
You are resistant to unholy torment.
You are immune to petrification.


Message History

The gnoll hits you but does no damage.
You hit the gnoll.
You kill the gnoll!
Lugonu accepts your kill.
Things that are here:
a +0 club; a +0 spear; a gnoll corpse
Items here: )) †††.
There is an escape hatch in the ceiling, spattered with blood here.
Items here: ))) [[ †.
You start resting.
An ogre is nearby!
Aiming: Throw Flame
Press: ? - help, Shift-Dir - straight line, f - ogre
Aim: an ogre, wielding a +0 giant club (85% to hit)
The puff of flame hits the ogre.
The ogre is moderately wounded.
Aiming: Throw Flame
Press: ? - help, Shift-Dir - straight line, f/p - ogre
Aim: an ogre, wielding a +0 giant club (moderately wounded, 85% to hit)
The puff of flame hits the ogre.
The ogre is moderately wounded.
The ogre hits you with a +0 giant club!
* * * LOW HITPOINT WARNING * * *
You hit the ogre.
The ogre is heavily wounded.
Unknown command.
You barely miss the ogre.
The ogre is heavily wounded.
The ogre barely misses you.
Unknown command.
You hit the ogre.
The ogre is severely wounded.
The ogre hits you with a +0 giant club.
* * * LOW HITPOINT WARNING * * *
Things that are here:
a +0 morningstar; an orc corpse You barely miss the ogre.
The ogre is severely wounded.
The ogre hits you with a +0 giant club!
You die...

#<......# ≈
#.#####..
≈...####.# .##
.........# ..
##.#####.# .#
#.#####.# #.......#
#.##.#.## #<##.#@#
..##.#O# ...##.#)#
....##.#)#####.#.
.....##...........
##.........##..O.#.
#........ ..#..
...###### .# #. .#


You could see an ogre.

Vanquished Creatures
  2 water moccasins
  An ice beast (D:5)
  Blork the orc (D:4)
  2 scorpions
  4 hounds
  2 bullfrog skeletons
  A jelly (D:5)
  Jessica (D:2)
  A centaur skeleton (D:4)
  An orc wizard (D:6)
  A killer bee zombie (D:6)
  A hound skeleton (D:4)
  4 gnolls (D:6)
  5 river rats (Sewer)
  9 adders
  An adder skeleton (D:4)
  5 worms
  14 orcs
  14 ball pythons
  3 endoplasms
  5 giant cockroaches
  3 goblins
  8 hobgoblins
  9 jackals
  3 kobolds
  7 quokkas
  7 bats
  6 frilled lizards
  8 rats
129 creatures vanquished.

Notes
Turn   | Place    | Note
-------+----------+-------------------------------------------
     0 | Abyss:1  | Gargoyl the Gargoyle Abyssal Knight began the quest for the
                  | Orb.
     0 | Abyss:1  | Reached XP level 1. HP: 14/14 MP: 2/2
     0 | D:1      | Escaped the Abyss
   297 | D:1      | Reached * piety under Lugonu
   298 | D:1      | Reached XP level 2. HP: 19/19 MP: 3/3
   973 | D:2      | Found a faded altar of an unknown god.
  1122 | D:2      | Reached XP level 3. HP: 24/24 MP: 4/4
  1365 | D:2      | Noticed Jessica
  1377 | D:2      | Killed Jessica
  1378 | D:2      | Reached skill level 1 in Dodging
  1866 | D:2      | Reached XP level 4. HP: 24/29 MP: 5/5
  2062 | D:3      | Reached skill level 4 in Fighting
  2661 | D:3      | Noticed a water moccasin
  2689 | D:3      | Killed a water moccasin
  2689 | D:3      | Reached ** piety under Lugonu
  2690 | D:3      | Reached XP level 5. HP: 24/34 MP: 5/7
  3110 | D:4      | Reached XP level 6. HP: 39/39 MP: 8/8
  3184 | D:4      | Found a glowing drain.
  3203 | Sewer    | Entered a sewer
  3642 | Sewer    | Reached skill level 5 in Fighting
  3955 | Sewer    | Reached *** piety under Lugonu
  4474 | D:4      | Reached XP level 7. HP: 39/44 MP: 9/9
  4685 | D:4      | Found a staircase to the Ecumenical Temple.
  4746 | D:4      | Noticed Blork the orc
  4772 | D:4      | Killed Blork the orc
  5160 | D:4      | Found a sparkling altar of Nemelex Xobeh.
  5165 | D:4      | Found a white marble altar of Elyvilon.
  5165 | D:4      | Found an ornate altar of the Wu Jian Council.
  5176 | D:4      | Found a broken altar of Ashenzari.
  5180 | D:4      | Found an ancient bone altar of Kikubaaqudgha.
  5268 | D:5      | Entered Level 5 of the Dungeon
  5432 | D:5      | Reached skill level 1 in Stealth
  6278 | D:6      | Reached XP level 8. HP: 48/51 MP: 11/11
  6334 | D:6      | Reached skill level 5 in Axes
  6352 | D:6      | Reached skill level 6 in Fighting
  6399 | D:6      | Mangled by an ogre

Illustrated notes

Levels and vault maps discovered:
D:1:      dpeg_arrival_three_smaller_balls, layout_basic, minmay_bisected
D:2:      layout_basic, hellmonk_ecumenical_altar_arch_garden, uniq_jessica
D:3:      layout_rooms
D:4:      layout_cave_pools, minmay_overflow_temple_star_hex,
          minmay_temple_entry_hall, gup_sewer_entry_pipe, uniq_blork_the_orc
D:5:      nicolae_cairo_tiling, layout_basic, hangedman_decor_opposing
D:6:      layout_loops_ring, lemuel_round_altar, tso_altar, led_sif_book,
          fedhas_ov_isle_minmay, minmay_chambers_of_fives, uniq_sigmund,
          uniq_maggie, uniq_pikel

Skill      XL: |  1  2  3  4  5  6  7  8 |
---------------+-------------------------+-----
Axes           | 2 3 4 5 |  5.4
Dodging        | 1 2 |  2.7
Fighting       | 4 5 6 |  6.1
Armour         | 3 |  3.9
Invocations    | 3 4 |  4.3
Stealth        | 1 |  1.1

Action                   |  1- 3 |  4- 6 |  7- 9 || total
-------------------------+-------+-------+-------++-------
Melee: Hand axe          |    64 |   276 |   191 ||   531
       Punch             |       |     2 |     4 ||     6
Invok: Depart the Abyss  |     1 |       |       ||     1
Evoke: Wand              |       |       |     2 ||     2
  Use: Scroll            |     4 |     6 |     6 ||    16
       Potion            |       |     1 |       ||     1
Armor: Leather armour    |    24 |   181 |    20 ||   225
       Chain mail        |       |       |   145 ||   145
Dodge: Dodged            |    46 |   236 |    85 ||   367

Table legend: (Time is in decaauts)
 A = Elapsed time spent in this place.
 B = Non-inter-level travel time spent in this place.
 C = Inter-level travel time spent in this place.
 D = Time resting spent in this place.
 E = Time spent auto-exploring this place.
 F = Levels seen in this place.
 G = Mean time per level.
                   A        B        C        D        E       F      G
               +--------+--------+--------+--------+--------+-----+--------+
         Total |   6636 |   6559 |     77 |    477 |   4730 |   8 |  829.5 |
       Dungeon |   5257 |   5180 |     77 |    246 |   3939 |   6 |  876.2 |
         Abyss |      0 |      0 |      0 |      0 |      0 |   1 |    0.0 |
         Sewer |   1379 |   1379 |      0 |    231 |    791 |   1 | 1379.0 |
               +--------+--------+--------+--------+--------+-----+--------+

Top non-repeatable levels by time:
   Sewer: 1379 daAuts
     D:2: 1130 daAuts
     D:3: 1080 daAuts
     D:5: 994 daAuts
     D:4: 983 daAuts
     D:1: 923 daAuts
     D:6: 144 daAuts
